 Dungeon Crawl Stone Soup version 0.26-a0-537-g96b2eae49b (webtiles) character file.

Game seed: 14393272030246889948

199 Eifo4Ohj9gu9Dob0ohLe the Sneak (level 5, -5/44 HPs)
             Began as a Draconian Brigand on Aug 14, 2020.
             Slain by an ogre
             ... wielding a +0 giant spiked club
              (27 damage)
             ... on level 4 of the Dungeon.
             The game lasted 00:23:06 (2997 turns).

Eifo4Ohj9gu9Dob0ohLe the Sneak (Draconian Brigand)  Turns: 2997, Time: 00:23:07

Health: -5/44      AC:  6    Str: 14    XL:     5   Next: 48%
Magic:  5/5        EV: 12    Int: 11    God:
Gold:   103        SH:  0    Dex: 13    Spells: 3/4 levels left

rFire    . . .     SeeInvis .   a - +2 dagger
rCold    . . .     Faith    +   (no shield)
rNeg     . . .     Spirit   .   (armour unavailable)
rPois    .         Reflect  .   (helmet restricted)
rElec    .         Harm     .   b - +0 cloak
rCorr    .                      (no gloves)
MR       .....                  (no boots)
Stlth    +++.......             e - amulet of faith
HPRegen  0.14/turn              (no ring)
MPRegen  0.09/turn              (no ring)

@: no status effects
A: unfitting armour, cold-blooded, AC +5
a: no special abilities


You were on level 4 of the Dungeon.
You visited 1 branch of the dungeon, and saw 4 of its levels.

You collected 103 gold pieces.

Inventory:

Hand Weapons
 a - a +2 dagger (weapon)
 f - a +0 falchion
 n - a +0 hand axe
 r - a +0 flail
Missiles
 c - 8 poisoned darts (quivered)
 d - 2 curare-tipped darts
Armour
 b - a +0 cloak (worn)
 h - a +0 robe
Jewellery
 e - an amulet of faith (around neck)
 j - a cursed ring of teleportation {unknown}
 p - an uncursed amulet of the acrobat {unknown}
Scrolls
 g - 2 scrolls of identify
 l - 2 scrolls of fear {unknown}
 o - a scroll of teleportation
 q - a scroll of enchant armour {unknown}
Potions
 i - a potion of resistance {unknown}
 s - a potion of heal wounds


   Skills:
 + Level 2.9 Fighting
 + Level 3.4 Short Blades
 + Level 2.0 Throwing
 + Level 1.6 Dodging
 + Level 5.1 Stealth


You had 3 spell levels left.
You knew the following spells:

 Your Spells              Type           Power        Failure   Level
a - Summon Small Mammal   Summ           #...         34%         1

Your spell library contained the following spells:

 Spells                   Type           Power        Failure   Level
 Call Imp                 Summ           #.......     47%         2
 Call Canine Familiar     Summ           #.......     71%         3
 Summon Guardian Golem    Hex/Summ       #.......     71%         3
 Summon Ice Beast         Ice/Summ       #.......     98%         4
 Summon Lightning Spire   Summ/Air       #.......     98%         4


Dungeon Overview and Level Annotations

Branches:
Dungeon (4/15)
 Temple: D:4-7

Altars:
Zin


Innate Abilities, Weirdness & Mutations

Your plain brown scales are hard. (AC +5)
You cannot fit into any form of body armour.
You are cold-blooded and may be slowed by cold attacks.


Message History

Sorry, you're not good enough to have a special ability.
Casting: Summon Small Mammal (safe; 34% risk of failure)
Confirm with . or Enter, or press ? or * to list all spells.
You swap places.
Your magical contamination has completely faded away.
Found 18 bolts.
An ogre comes into view. It is wielding a +0 giant spiked club.
You swap places.
The ogre shouts!
You hit the ogre.
The ogre is lightly wounded.
The ogre hits you with a +0 giant spiked club.
Your rat bites the ogre but does no damage.
The ogre closely misses your rat.
Your rat bites the ogre.
The ogre closely misses your rat.
Your rat bites the ogre.
Your rat disappears in a puff of smoke!
The ogre hits you with a +0 giant spiked club!!
Ouch! That really hurt!
You die...

#.# #.##.#
#.##.#..
#.##.#.#
#.##.#.#
#.##.#.#
#.##.#.#
#O##...######
#.@......(...
#####..#####
#..# .# #..#
.# #..#
#####.####
#..#
#.........
#..# #.#...
#..###.#.##
#.........####


You could see an ogre.

Vanquished Creatures
  An orc priest (D:3)
  Natasha (thrice) (D:2)
  An iguana (D:4)
  A gnoll (D:1)
  3 worms
  2 dart slugs (D:3)
  3 orcs (D:3)
  A ball python (D:1)
  A giant cockroach (D:3)
  5 goblins
  5 hobgoblins
  5 kobolds
  3 quokkas
  6 bats
  6 frilled lizards
  7 rats
53 creatures vanquished.

Notes
Turn   | Place    | Note
-------+----------+-------------------------------------------
     0 | D:1      | Eifo4Ohj9gu9Dob0ohLe the Draconian Brigand began the quest
                  | for the Orb.
     0 | D:1      | Reached XP level 1. HP: 17/17 MP: 1/1
    30 | D:1      | Reached skill level 4 in Stealth
    30 | D:1      | Reached XP level 2. HP: 21/24 MP: 2/2
   406 | D:1      | Reached XP level 3. HP: 29/29 MP: 3/3
  1077 | D:2      | Reached skill level 1 in Dodging
  1099 | D:2      | Found a glowing silver altar of Zin.
  1476 | D:2      | Noticed Natasha
  1491 | D:2      | Killed Natasha
  1491 | D:2      | Reached XP level 4. HP: 18/37 MP: 4/4
  1689 | D:2      | Noticed Natasha
  1702 | D:2      | Killed Natasha
  2474 | D:2      | Noticed Natasha
  2489 | D:2      | Killed Natasha
  2489 | D:2      | Reached skill level 5 in Stealth
  2489 | D:2      | Reached XP level 5. HP: 29/44 MP: 5/5
  2874 | D:4      | Noticed a phantom
  2967 | D:4      | Learned a level 1 spell: Summon Small Mammal
  2987 | D:4      | Noticed an ogre
  2997 | D:4      | Slain by an ogre

Illustrated notes

Levels and vault maps discovered:
D:1:      roderic_crop_circles_arrival_small, layout_loops_ring,
          solitary_fountain
D:2:      layout_basic, zin_academy, uniq_natasha
D:3:      layout_basic
D:4:      layout_loops_ring, kennysheep_mini_moat, lemuel_blue_sif_altar,
          lemuel_round_altar, serial_shops, nicolae_shop_stone

Skill      XL: |  1  2  3  4 |
---------------+-------------+-----
Stealth        | 4 5 |  5.1
Throwing       | 2 |  2.0
Dodging        | 1 |  1.6
Short Blades   | 3 |  3.4
Fighting       | |  2.9

Action                   |  1- 3 |  4- 6 || total
-------------------------+-------+-------++-------
Melee: Dagger            |    88 |    98 ||   186
       Tailslap          |     9 |    15 ||    24
 Cast: Summon Small Mamm |       |     1 ||     1
  Use: Potion            |     1 |     6 ||     7
       Scroll            |     2 |     1 ||     3
 Stab: Sleeping          |     6 |     6 ||    12
Armor: Skin              |    23 |    21 ||    44
Dodge: Dodged            |    56 |    46 ||   102

Table legend: (Time is in decaauts)
 A = Elapsed time spent in this place.
 B = Non-inter-level travel time spent in this place.
 C = Inter-level travel time spent in this place.
 D = Time resting spent in this place.
 E = Time spent auto-exploring this place.
 F = Levels seen in this place.
 G = Mean time per level.
                   A        B        C        D        E       F      G
               +--------+--------+--------+--------+--------+-----+--------+
         Total |   2981 |   2920 |     61 |    268 |   1087 |   4 |  745.2 |
       Dungeon |   2981 |   2920 |     61 |    268 |   1087 |   4 |  745.2 |
               +--------+--------+--------+--------+--------+-----+--------+

Top non-repeatable levels by time:
     D:2: 1292 daAuts
     D:3: 887 daAuts
     D:1: 678 daAuts
     D:4: 122 daAuts
